 Seeded DCSS version 0.28-a0-1616-g050a50673c (webtiles) character file.

Game seed: 11282653185525437147 (custom seed)

10 innerfire433 the Ruffian (level 2, -1/23 HPs)
             Began as a Djinni Wanderer on Jan 22, 2022.
             Slain by a kobold (2 damage)
             ... on level 1 of the Dungeon.
             The game lasted 00:00:31 (449 turns).

innerfire433 the Ruffian (Djinni Wanderer)           Turns: 449, Time: 00:00:32

Health: -1/23      AC:  3    Str: 13    XL:     2   Next: 30%
Gold:   31         EV:  8    Int: 13    God:
                   SH:  0    Dex: 10

rFire   + + .      SeeInvis .   a - +0 falchion
rCold   x . .      Faith    .   (no shield)
rNeg    . . .      Spirit   .   e - +0 robe
rPois   ∞          Reflect  .   (no helmet)
rElec   .          Harm     .   d - +0 cloak
rCorr   .          Rampage  .   (no gloves)
Will    .....                   (boots unavailable)
Stlth   +.........              (no amulet)
HPRegen 0.07/turn               (no ring)
MPRegen 0.00/turn               (no ring)

@: flying, constricted
A: sickness immunity, fire resistance 2, cold vulnerability 1, float, innate
caster, hp casting, extra vitality 1
a: no special abilities


You were on level 1 of the Dungeon.
You visited 1 branch of the dungeon, and saw 1 of its levels.

You collected 31 gold pieces.

Inventory:

Hand Weapons
 a - a +0 falchion (weapon)
Armour
 d - a +0 cloak (worn)
 e - a +0 robe (worn)
Scrolls
 f - a scroll of magic mapping {unknown}
 g - a scroll of enchant armour {unknown}
Potions
 b - a potion of heal wounds
 c - a potion of haste


   Skills:
 + Level 2.1 Fighting
 + Level 1.9 Long Blades
 + Level 1.2 Armour
 + Level 1.1 Stealth
 + Level 3.1 Unarmed Combat
 + Level 1.2 Invocations


You had one spell level left.
You didn't know any spells.
Your spell library was empty.

Dungeon Overview and Level Annotations

Branches:
Dungeon (1/15)

Altars:


Innate Abilities, Weirdness & Mutations

You are immune to sickness and miasma.
You are immune to poison.
Your flesh is very heat resistant. (rF++)
You are vulnerable to cold. (rC-)
You float through the air rather than walking.
You learn spells naturally, not from books.
Your magical power is your life essence.
You have superior vitality. (+4 MHP)


Message History

The goblin hits you with a +0 club.
You hit the goblin.
The goblin is moderately wounded.
The kobold hits you with a +0 short sword.
The goblin barely misses you.
You hit the goblin.
You kill the goblin!
The kobold hits you with a +0 short sword.
You closely miss the ball python. The ball python bites you.
The ball python grabs you. The ball python constricts you.
The kobold hits you but does no damage. The rat bites you but does no damage.
The ball python bites you but does no damage.
The ball python constricts you.
You are too injured to fight recklessly!
You are too injured to fight recklessly!
You hit the rat.
You kill the rat!
The kobold hits you with a +0 short sword.
The ball python bites you.
* * * LOW HITPOINT WARNING * * *
The ball python constricts you.
* * * LOW HITPOINT WARNING * * *
The kobold hits you with a +0 short sword.
* * * LOW HITPOINT WARNING * * *
You barely miss the ball python. The ball python completely misses you.
The ball python constricts you.
* * * LOW HITPOINT WARNING * * *
The kobold hits you with a +0 short sword.
* * * LOW HITPOINT WARNING * * *
You hit the ball python.
The ball python is heavily wounded.
The ball python bites you but does no damage.
The ball python constricts you. The kobold hits you but does no damage.
The ball python barely misses you. The ball python constricts you.
* * * LOW HITPOINT WARNING * * *
You completely miss the ball python.
The ball python is heavily wounded.
The ball python barely misses you. The ball python constricts you.
The kobold hits you with a +0 short sword.
You die...

.................#.
########.........†#.
#.................#.
#.#######.#+#+###.#.
...#####.#.#.#...#.
................... .
#.#.#####.#.#.......
....#.#.#####.#.###.####
......S@................
.####.K†......#.#.#.###(
#.........#.#...#...
............# #####.##
.............# .......)
#####........# #####.##
#........# ......#.
########.# ........
........


You could see a ball python and a kobold.

Vanquished Creatures
  2 ball pythons (D:1)
  3 endoplasms (D:1)
  2 goblins (D:1)
  A kobold (D:1)
  A rat (D:1)
9 creatures vanquished.

Notes
Turn   | Place    | Note
-------+----------+-------------------------------------------
     0 | D:1      | innerfire433 the Djinni Wanderer began the quest for the
                  | Orb.
     0 | D:1      | Reached XP level 1. HP: 18/18 MP: 0/0
   343 | D:1      | Reached XP level 2. HP: 21/23 MP: 0/0
   447 | D:1      | HP: 1/23 [kobold (1)]
   449 | D:1      | Slain by a kobold

Illustrated notes

Levels and vault maps discovered:
D:1:      dpeg_arrival_fog, layout_basic, serial_bayou_pond_a

Action                   || total
-------------------------++-------
Melee: Falchion          ||    28
       Punch             ||     1
 Stab: Sleeping          ||     1
Armor: Robe              ||    10
Dodge: Dodged            ||    18

Table legend: (Time is in decaauts)
 A = Elapsed time spent in this place.
 B = Non-inter-level travel time spent in this place.
 C = Inter-level travel time spent in this place.
 D = Time resting spent in this place.
 E = Time spent auto-exploring this place.
 F = Levels seen in this place.
 G = Mean time per level.
                   A        B        C        D        E       F      G
               +--------+--------+--------+--------+--------+-----+--------+
         Total |    454 |    454 |      0 |      0 |    375 |   1 |  454.0 |
       Dungeon |    454 |    454 |      0 |      0 |    375 |   1 |  454.0 |
               +--------+--------+--------+--------+--------+-----+--------+

Top non-repeatable levels by time:
     D:1: 454 daAuts
